 Dungeon Crawl Stone Soup version 0.28-a0-843-gb979743d38 (webtiles) character file.

Game seed: 3477436695058048696

9299 Iepvzaeh the Cleaver (level 11, -16/94 HPs)
             Began as a Minotaur Fighter on Nov 12, 2021.
             Was a Believer of Okawaru.
             Killed from afar by a deep elf knight (36 damage)
             ... with a shard of ice
             ... on level 9 of the Dungeon.
             The game lasted 00:29:28 (13572 turns).

Iepvzaeh the Cleaver (Minotaur Fighter)            Turns: 13572, Time: 00:29:28

Health: -16/94     AC: 16    Str: 23    XL:     11   Next: 21%
Magic:  10/10      EV:  8    Int:  5    God:    Okawaru [**....]
Gold:   458        SH:  0    Dex: 11    Spells: 10/10 levels left

rFire   . . .      SeeInvis .   b - +8 arbalest "Muoqish" {freeze, rPois}
rCold   . . .      Faith    .   (shield currently unavailable)
rNeg    . . .      Spirit   .   D - +0 plate armour
rPois   +          Reflect  .   (helmet restricted)
rElec   .          Harm     .   (no cloak)
rCorr   .          Rampage  .   S - +0 pair of gloves
Will    .....                   (no boots)
Stlth   ..........              (no amulet)
HPRegen 0.25/turn               (no ring)
MPRegen 0.12/turn               (no ring)

@: no status effects
A: horns 2, retaliatory headbutt
a: Renounce Religion, Heroism


You were on level 9 of the Dungeon.
You worshipped Okawaru.
Okawaru was pleased with you.
You visited 3 branches of the dungeon, and saw 11 of its levels.

You collected 458 gold pieces.

Inventory:

Hand Weapons
 a - a +4 scimitar
 b - the +8 arbalest "Muoqish" (weapon) {freeze, rPois}
   (You took it off a kobold on level 8 of the Dungeon)

   Any ammunition fired from it freezes those it strikes, dealing additional
   cold damage.
   It can also slow down cold-blooded creatures.
   rPois:     It protects you from poison.
 v - a +2 antimagic hand axe
 x - a +2 flail of holy wrath
 B - a +0 war axe
 F - a +0 shortbow
Missiles
 h - 168 arrows
 o - 3 boomerangs
 y - 17 poisoned darts
 I - 34 bolts (quivered ammo)
 P - a curare-tipped dart
Armour
 c - a +0 buckler
 C - the +0 buckler of the Ten Wishes {rElec rF+ SInv Stlth+}
   (You found it on level 7 of the Dungeon)

   rF:        It protects you from fire.
   rElec:     It insulates you from electricity.
   SInv:      It lets you see invisible.
   Stlth:     It makes you more stealthy.
 D - a +0 plate armour (worn)
 E - a +0 chain mail of cold resistance
 J - a +1 buckler of reflection
 K - the +1 ring mail "Huehozaw" {rF++ rN++ Dex-5}
   (You took it off an orc warrior on level 8 of the Dungeon)

   Dex:       It affects your dexterity (-5).
   rF:        It greatly protects you from fire.
   rN:        It greatly protects you from negative energy.
 Q - a +0 scale mail
 S - a +0 pair of gloves (worn)
Jewellery
 A - a ring of protection from fire
Wands
 L - a wand of polymorph (6)
 M - a wand of iceblast (11)
 T - a wand of flame (16)
Scrolls
 e - a scroll of magic mapping {unknown}
 f - 4 scrolls of amnesia {unknown}
 g - 4 scrolls of teleportation {unknown}
 j - 7 scrolls of identify {unknown}
 q - a scroll of blinking {unknown}
 s - a scroll of silence {unknown}
 u - a scroll of enchant armour {unknown}
 w - a scroll of fog {unknown}
 G - a scroll of immolation {unknown}
Potions
 d - 3 potions of attraction {unknown}
 i - 4 potions of flight {unknown}
 k - 3 potions of mutation {unknown}
 l - a potion of berserk rage {unknown}
 m - 2 potions of invisibility {unknown}
 n - a potion of magic {unknown}
 p - 2 potions of curing
 r - a potion of cancellation {unknown}
 t - a potion of haste {unknown}
 z - 4 potions of brilliance {unknown}
 H - 2 potions of resistance {unknown}
 N - a potion of heal wounds {unknown}
 O - a potion of might
 R - a potion of degeneration {unknown}


   Skills:
 + Level 7.8 Fighting
 + Level 7.0 Long Blades
 + Level 10.6 Axes
 + Level 2.0 Crossbows
 + Level 7.0 Throwing
 + Level 10.5 Armour
 + Level 4.0 Dodging
 + Level 1.4 Stealth
 + Level 6.5 Shields
 + Level 1.2 Evocations


You had 10 spell levels left.
You didn't know any spells.
Your spell library contained the following spells:

 Spells                   Type           Power      Damage    Failure   Level
 Scorch                   Fire           0%         2d5       100%        2
 Inner Flame              Hex/Fire       0%         N/A       100%        3
 Cause Fear               Hex            0%         N/A       100%        4
 Flame Wave               Conj/Fire      0%         3d3       100%        4
 Blade Hands              Tmut           0%         N/A       100%        5
 Iron Shot                Conj/Erth      0%         9d1       100%        6
 Discord                  Hex            0%         N/A       100%        8
 Animate Armour           Summ/Erth      Unusable   N/A       N/A         4
 Summon Ice Beast         Ice/Summ       Unusable   N/A       N/A         4
 Summon Mana Viper        Hex/Summ       Unusable   N/A       N/A         5
 Summon Cactus Giant      Summ           Unusable   N/A       N/A         6
 Monstrous Menagerie      Summ           Unusable   N/A       N/A         7

Dungeon Overview and Level Annotations

Branches:
Dungeon (9/15)             Temple (1/1) D:7            Lair (1/6) D:8
    Orc: D:9-12

Altars:
Ashenzari
Dithmenos
Elyvilon
Fedhas
Gozag
Hepliaklqana
Kikubaaqudgha
Makhleb
Okawaru
Ru
Sif Muna
Trog
Uskayaw
Vehumet
Xom
Zin
The Shining One
Lugonu

Shops:
D:8 [

Annotations:
Lair:1 Erica


Innate Abilities, Weirdness & Mutations

You have a pair of horns on your head.
You reflexively headbutt those who attack you in melee.


Message History

HP restored.
A tarantella comes into view.
The tarantella hisses angrily.
You hear a shout!
A deep elf knight comes into view. It is wielding a +0 long sword.
The tarantella moves out of view.
A stone giant comes into view.
You see here a bolt.
The stone giant moves out of view.
I - 34 bolts (gained 1)
The deep elf knight shouts!
There is an open door, spattered with blood here.
The tarantella touches you! The tarantella barely misses you.
You furiously retaliate!
You headbutt the tarantella.
The tarantella touches you but does no damage.
There is an open door here.
The tarantella barely misses you.
There is an open door here.
The tarantella barely misses you. The tarantella barely misses you.
The tarantella touches you!
You are confused.
You're too confused to move!
The tarantella closely misses you. The tarantella touches you.
The tarantella touches you but does no damage.
You are too confused!
The tarantella touches you but does no damage.
The deep elf knight casts a spell.
The deep elf knight seems to speed up.
The tarantella touches you but does no damage.
The tarantella touches you.
The deep elf knight points at you and mumbles some strange words.
The shard of ice hits you!!!
You feel less confused. The tarantella touches you! x2
* * * LOW HITPOINT WARNING * * *
Unknown command.
The deep elf knight points at you and mumbles some strange words.
The shard of ice hits you!!!
You die...

#.).#
#.......#####.#
###.#
#......)##....#
#.#
#....)..#<###.##
#.# #....<...##
##.#
#.#######.....#
#.#
#.......#####.##
##.# #####.#.#
##.# #.## ##'###
### ### #.@.#e
#...#C #.s.#..
#..e##. ##.C##..
#.(###e#######
#..#.##......#
##.'..##(....#
#.#...###...#


You could see a stone giant, a deep elf knight (fast) and a tarantella.

Vanquished Creatures
  A centaur warrior (D:9)
  3 two-headed ogres
  Pikel (D:7)
  A deep elf pyromancer (D:9)
  Joseph (D:8)
  2 slime creatures (D:9)
  3 wyverns (D:7)
  Menkaure (D:5)
  Edmund (D:5)
  3 water moccasins
  5 orc warriors
  4 sky beasts
  2 black bears
  4 necrophages
  5 ogres
  2 centaurs (D:8)
  3 phantoms
  2 kobold brigands (D:8)
  A lemure (D:7)
  3 bullfrogs
  Blork the orc (D:5)
  A gnoll sergeant (D:8)
  2 scorpions
  A wyvern skeleton (D:7)
  A wyvern zombie (D:7)
  2 killer bees
  11 wights
  4 bullfrog zombies
  3 jellies
  A hound (D:6)
  3 centaur zombies
  2 bullfrog skeletons
  A human zombie (D:6)
  4 orc priests
  A gnoll shaman (D:6)
  4 centaur skeletons
  A scorpion zombie (D:5)
  Ijyb (D:5)
  9 orc wizards
  Natasha (D:4)
  An iguana (D:4)
  2 killer bee zombies
  A mummy (D:6)
  A howler monkey zombie (D:6)
  9 gnolls
  6 adders
  2 shadow imps
  A white imp (D:8)
  2 worms (D:3)
  4 dart slugs
  22 orcs
  6 ball pythons
  6 endoplasms
  3 giant cockroaches
  6 goblins
  7 hobgoblins
  11 jackals
  5 quokkas
  5 bats
  5 frilled lizards
  14 kobolds
  7 rats
  A spectral goblin (D:3)
229 creatures vanquished.

Vanquished Creatures (others)
  A deep elf pyromancer (D:9)
  An orc wizard (D:6)
  A quokka (D:5)
  7 fungi (D:4)
10 creatures vanquished.

Grand Total: 239 creatures vanquished

Notes
Turn   | Place    | Note
-------+----------+-------------------------------------------
     0 | D:1      | Iepvzaeh the Minotaur Fighter began the quest for the Orb.
     0 | D:1      | Reached XP level 1. HP: 19/19 MP: 0/0
   191 | D:1      | Reached XP level 2. HP: 24/27 MP: 1/1
   663 | D:1      | Reached XP level 3. HP: 31/33 MP: 2/2
  1774 | D:3      | Found a faded altar of an unknown god.
  1791 | D:3      | Reached XP level 4. HP: 38/40 MP: 3/3
  2901 | D:4      | Reached XP level 5. HP: 42/47 MP: 4/4
  2988 | D:4      | Noticed an ogre
  3053 | D:4      | Noticed a phantom
  3134 | D:5      | Entered Level 5 of the Dungeon
  3134 | D:5      | Noticed Blork the orc
  3138 | D:5      | Found an opulent altar of Gozag.
  3142 | D:5      | Killed Blork the orc
  3143 | D:5      | Reached skill level 5 in Axes
  3143 | D:5      | Reached skill level 5 in Armour
  3160 | D:5      | Killed a phantom
  3161 | D:5      | Reached skill level 1 in Throwing
  3161 | D:5      | Reached XP level 6. HP: 31/53 MP: 5/5
  3166 | D:5      | Reached skill level 1 in Dodging
  3395 | D:5      | Noticed Edmund
  3406 | D:4      | Reached XP level 7. HP: 8/60 MP: 6/6
  3743 | D:4      | Noticed Natasha
  3749 | D:4      | Killed Natasha
  3894 | D:4      | Found a blossoming altar of Fedhas.
  4150 | D:4      | Found a bloodstained altar of Trog.
  4329 | D:5      | Reached skill level 5 in Fighting
  4332 | D:5      | Noticed Ijyb
  4521 | D:4      | Reached XP level 8. HP: 20/68 MP: 2/7
  4947 | D:5      | Found a shimmering blue altar of Sif Muna.
  5088 | D:5      | Found a white marble altar of Elyvilon.
  5146 | D:5      | Killed Edmund
  5269 | D:5      | Noticed a two-headed ogre
  5313 | D:4      | Killed a two-headed ogre
  5314 | D:4      | Reached skill level 1 in Stealth
  5314 | D:4      | Reached skill level 5 in Shields
  5314 | D:4      | Reached XP level 9. HP: 31/75 MP: 8/8
  5570 | D:5      | Killed Ijyb
  5623 | D:5      | Noticed Menkaure
  5678 | D:5      | Killed Menkaure
  6526 | D:6      | Reached skill level 10 in Axes
  6553 | D:6      | Found a shadowy altar of Dithmenos.
  7075 | D:6      | Found an ancient bone altar of Kikubaaqudgha.
  7296 | D:6      | Reached skill level 5 in Throwing
  7758 | D:7      | Reached skill level 1 in Long Blades
  7829 | D:7      | Identified the +0 buckler of the Ten Wishes {rElec rF+ SInv
                  | Stlth+}
  8432 | D:7      | Found a staircase to the Ecumenical Temple.
  8458 | Temple   | Entered the Ecumenical Temple
  8473 | Temple   | Became a worshipper of Warmaster Okawaru
  8496 | D:7      | Reached XP level 10. HP: 37/84 MP: 9/9
  8903 | D:7      | Noticed Pikel
  8980 | D:7      | Killed Pikel
  9499 | D:8      | Identified the +1 ring mail "Huehozaw" {rF++ rN++ Dex-5}
  9508 | D:8      | Reached * piety under Okawaru
  9884 | D:7      | Reached skill level 5 in Long Blades
 10054 | D:8      | Reached skill level 1 in Evocations
 10884 | D:8      | Found a glowing golden altar of the Shining One.
 10925 | D:8      | Identified the +8 arbalest "Muoqish" {freeze, rPois}
 11014 | D:8      | Noticed Joseph
 11505 | D:8      | Killed Joseph
 11659 | D:8      | Reached ** piety under Okawaru
 11797 | D:8      | Found a staircase to the Lair.
 11847 | D:8      | Found Ofunores's Armour Shoppe.
 11864 | D:8      | Found a broken altar of Ashenzari.
 12405 | Lair:1   | Entered Level 1 of the Lair of Beasts
 12405 | Lair:1   | Noticed Erica
 12405 | Lair:1   | Noticed a cane toad
 12405 | Lair:1   | Noticed a cane toad
 12490 | D:9      | Noticed a two-headed ogre
 12495 | D:9      | Killed a two-headed ogre
 12655 | D:9      | Noticed a two-headed ogre
 12704 | D:9      | Reached skill level 10 in Armour
 12704 | D:9      | Reached XP level 11. HP: 72/92 MP: 10/10
 12785 | D:9      | Killed a two-headed ogre
 12786 | D:9      | Reached skill level 1 in Crossbows
 13012 | D:9      | Noticed a centaur warrior
 13012 | D:9      | Noticed a deep elf pyromancer
 13012 | D:9      | Noticed a deep elf pyromancer
 13030 | D:9      | Killed a deep elf pyromancer
 13126 | D:9      | Killed a centaur warrior
 13261 | D:9      | Killed a deep elf pyromancer
 13547 | D:9      | Noticed a deep elf knight
 13548 | D:9      | Noticed a stone giant
 13572 | D:9      | Killed from afar by a deep elf knight

Illustrated notes

Levels and vault maps discovered:
D:1:      giann_wishing_wells, layout_loops_corners
D:2:      layout_loops_ring
D:3:      layout_loops_cross, dreamdust_ecumenical_altar_drowned_temple
D:4:      layout_rooms, mainiacjoe_overflow_boulevard, trog_antimagical,
          uniq_natasha
D:5:      layout_rooms, elyvilon_altar_4, kennysheep_orc_sif_temple,
          mainiacjoe_overflow_cross_hatched, uniq_ijyb, uniq_blork_the_orc,
          uniq_menkaure, uniq_edmund
D:6:      layout_loops_cross, lemuel_mausoleum_altar_kikubaaqudgha,
          general_overflow_altar, minivault_23, grunt_decor_clamped,
          minmay_crossroads
D:7:      layout_loops_ring, minmay_temple_entry_antechambers,
          grunt_decor_arrowhead, minivault_25, chequers_serial_rivers_small_3,
          uniq_pikel
D:8:      minmay_four_partial_circles, layout_rooms,
          nicolae_tso_carved_into_rock, cheibrodos_ashenzari_chains,
          dpeg_oklobed_lair, serial_shops, shop, uniq_joseph
D:9:      minmay_sliced_demisemicircle, layout_loops_cross,
          nemelex_diamond_rough_becter
Temple:   corrupted_temple
Lair:1:   layout_loops_ring, lemuel_old_faithful, infiniplex_staircase_pool,
          uniq_nergalle, uniq_erica, uniq_maggie

Skill      XL: |  1  2  3  4  5  6  7  8  9 10 11 |
---------------+----------------------------------+-----
Fighting       | 4 5 6 7 |  7.8
Armour         | 4 5 6 7 8 10 | 10.5
Shields        | 4 5 6 |  6.5
Axes           | 3 4 5 6 8 10 | 10.6
Throwing       | 1 3 4 5 6 7 |  7.0
Dodging        | 1 2 3 4 |  4.0
Stealth        | 1 |  1.4
Long Blades    | 3 6 7 |  7.0
Evocations     | 1 |  1.2
Crossbows      | 2 |  2.0

Action                   |  1- 3 |  4- 6 |  7- 9 | 10-12 || total
-------------------------+-------+-------+-------+-------++-------
Melee: War axe           |    84 |    79 |   175 |       ||   338
       Headbutt          |    12 |    11 |    53 |    33 ||   109
       Hand axe          |       |       |    20 |       ||    20
       Scimitar          |       |       |    67 |   150 ||   217
 Fire: Arbalest          |       |       |       |    22 ||    22
Throw: Boomerang         |       |    17 |    92 |    35 ||   144
       Throwing net      |       |       |     1 |       ||     1
       Dart              |       |       |       |    25 ||    25
Invok: Heroism           |       |       |       |     1 ||     1
Evoke: Wand              |       |       |       |    25 ||    25
  Use: Potion            |       |     1 |       |       ||     1
Armor: Scale mail        |    23 |    37 |    73 |       ||   133
       Plate armour      |       |       |     7 |    96 ||   103
       Skin              |       |       |     3 |       ||     3
Dodge: Dodged            |    26 |    48 |   109 |    80 ||   263
Block: Buckler           |    18 |    18 |    51 |    40 ||   127
       Reflection        |       |       |       |     5 ||     5

Table legend: (Time is in decaauts)
 A = Elapsed time spent in this place.
 B = Non-inter-level travel time spent in this place.
 C = Inter-level travel time spent in this place.
 D = Time resting spent in this place.
 E = Time spent auto-exploring this place.
 F = Levels seen in this place.
 G = Mean time per level.
                   A        B        C        D        E       F      G
               +--------+--------+--------+--------+--------+-----+--------+
         Total |  13695 |  12944 |    751 |   3190 |   7461 |  11 | 1245.0 |
       Dungeon |  13371 |  12633 |    738 |   2901 |   7457 |   9 | 1485.7 |
        Temple |    322 |    310 |     12 |    289 |      4 |   1 |  322.0 |
          Lair |      1 |      1 |      0 |      0 |      0 |   1 |    1.0 |
               +--------+--------+--------+--------+--------+-----+--------+

Top non-repeatable levels by time:
     D:7: 2424 daAuts
     D:8: 2029 daAuts
     D:6: 1872 daAuts
     D:4: 1649 daAuts
     D:5: 1377 daAuts
     D:3: 1289 daAuts
     D:1: 1129 daAuts
     D:9: 990 daAuts
     D:2: 609 daAuts
  Temple: 322 daAuts
  Lair:1: 1 daAuts
